Cogmind - Beta 13 @@@ ROGUE MODE // 2024.07.08 @ 09:59:06 Player: ThatBishHoly Result: Destroyed by G-34 Mercenary with Small Laser Performance ------------- Evolutions (1) 500 Regions Visited (2) 400 Robots Destroyed (21) 105 Value Destroyed (493) 493 Prototype IDs (2) 40 Alien Tech Used (0) 0 Bonus (0) 0 TOTAL SCORE: 1538 Bonus ------- None Cogmind --------- Core Integrity 0/400 Matter 88/300 Energy 100/100 System Corruption 0% Temperature Cool (6) Movement Core (400) Ox7 Location -9/Materials Parts ------- > --- POWER (1) -------- (None) > --- PROPULSION (2) --- (None) > --- UTILITY (4) ------ Large Storage Unit Signal Interpreter > --- WEAPON (2) ------- Heavy Mace > --- INVENTORY (15) --- Visual Processing Unit Sensor Array Improved Terrain Scanner Tractor Beam EM Pulse Gun Beam Cannon Heavy Mace Peak State ------------ > --- POWER ------------ Light Ion Engine > --- PROPULSION ------- Light Treads Light Treads > --- UTILITY ---------- Large Storage Unit Sensor Array Signal Interpreter > --- WEAPON ----------- EM Pulse Gun Particle Gun > --- INVENTORY -------- Cesium-ion Thruster Cesium-ion Thruster Cesium-ion Thruster Cesium-ion Thruster Visual Processing Unit Sensor Array Improved Terrain Scanner Tractor Beam EM Pulse Gun EM Pulse Gun Beam Cannon Mini Grenade Launcher Heavy Mace Heavy Mace [Rating: 12] Favorites ----------- Power Ion Engine Engine Ion Engine Propulsion Light Treads Treads Light Treads Utility Large Storage Unit Device Sensor Array Storage Large Storage Unit Processor Signal Interpreter Weapon Assault Rifle Energy Gun Particle Gun Ballistic Gun Assault Rifle Launcher Mini Grenade Launcher Impact Weapon Heavy Mace Build | -11 -10 -9 ------- Run | Yrd Mat Mat Slots Evolved 2 | . . 2 Power . | . . . Propulsion . | . . . Utility 2 | . . 2 Weapon . | . . . Parts Attached 20 | 6 8 6 Power 3 | 1 1 1 Engine 3 | 1 1 1 Core . | . . . Reactor . | . . . Propulsion 3 | 2 1 . Treads 3 | 2 1 . Leg . | . . . Wheel . | . . . Hover . | . . . Flight . | . . . Utility 7 | 1 3 3 Device 3 | . . 3 Storage 3 | 1 2 . Processor 1 | . 1 . Hackware . | . . . Protection . | . . . Artifact . | . . . Weapon 7 | 2 3 2 Energy Gun 2 | . 2 . Energy Cannon . | . . . Ballistic Gun 3 | 2 1 . Ballistic Cannon . | . . . Launcher 1 | . . 1 Special Weapon . | . . . Impact Weapon 1 | . . 1 Slashing Weapon . | . . . Piercing Weapon . | . . . Special Melee Weapon . | . . . Unidentified Prototypes . | . . . Parts Lost 9 | . . 9 Power 2 | . . 2 Propulsion 2 | . . 2 Utility 3 | . . 3 Weapon 2 | . . 2 Highest Loss Streak 3 | . . 3 To Critical Strikes . | . . . Average Slot Usage (%) 85 | . 96 70 Engine 10 | . 14 4 Treads 21 | . 28 11 Device 4 | . . 10 Storage 12 | . 14 11 Processor 10 | . 10 11 Energy Gun 6 | . 7 3 Ballistic Gun 11 | . 20 . Launcher 3 | . . 9 Impact Weapon 3 | . . 8 Naked Turns . | . . . Heaviest Build 30 | 13 30 30 Greatest Support 40 | 40 40 40 Greatest Overweight (x) 9 | 1 . 9 Average Overweight (x) . | . . 2 Largest Inventory Capacity 15 | 8 15 15 Average Capacity 13 | 7 13 15 Most Carried 14 | 5 11 14 Average Carried 6 | 1 4 9 Final Capacity 15 | 8 15 15 Final Carried 8 | 1 8 7 Class Distribution -------------------- 100% | Mutant Dominant Class ---------------- Mutant | -10/Materials Mutant | -9/Materials Resources | -11 -10 -9 ----------- Run | Yrd Mat Mat Matter Collected 454 | 244 199 11 Remotely . | . . . Salvage Created 638 | 30 381 227 Parts 47 | 4 26 17 Haulers Intercepted 2 | . 1 1 Recyclers Shooed 1 | . 1 . Parts Field Recycled . | . . . Retrieved Matter . | . . . Parts Self-Destructed . | . . . Prevented . | . . . Kills | -11 -10 -9 ------- Run | Yrd Mat Mat Combat Hostiles Destroyed 13 | . 6 7 Melee 1 | . . 1 Guns 7 | . 6 1 AOE 5 | . . 5 Classes Destroyed 7 | 1 4 2 Tunneler 1 | 1 . . Hauler 2 | . 1 1 Recycler 4 | . 1 3 Watcher 1 | . 1 . Swarmer 4 | . . 4 Grunt 6 | . 6 . Sentry 3 | . . 3 Best Kill Streak 4 | 1 4 4 Combat Bots Only 4 | . 3 4 Max Kills in Single Turn 3 | 1 1 3 Gunslinging . | . . . Exploded 2 | . . 2 Melee 1 | . . 1 Uniques/NPCs Destroyed . | . . . Combat | -11 -10 -9 -------- Run | Yrd Mat Mat Hostile Shots Fired 130 | . 39 91 Missed 36 | . 12 24 Damage Taken 1423 | . 359 1064 Core 413 | . 12 401 Absorbed by Shields 32 | . . 32 Core Remaining (%) 97 | 100 95 . Volleys Fired 44 | 2 24 18 Largest 2 | 2 2 2 Hottest 105 | 40 105 95 Shots Fired 74 | 4 48 22 Gun 56 | 4 48 4 Cannon . | . . . Launcher 18 | . . 18 Special . | . . . Kinetic 46 | 4 42 . Thermal 7 | . 3 4 Explosive 18 | . . 18 Electromagnetic 3 | . 3 . Robot Hit Streak 9 | 1 9 7 Robot Miss Streak 2 | 1 2 2 Penetration Max . | . . . Secondary Targets 1 | . 1 . Max Gunslinging Chain 1 | . 1 . Shots Hit Robots 51 | 2 30 19 Core Hits 37 | 1 16 20 Critical Kills . | . . . Critical Parts Destroyed . | . . . Critical Strikes . | . . . Melee Attacks 5 | . . 5 Impact 5 | . . 5 Slashing . | . . . Piercing . | . . . Sneak Attacks . | . . . Combat Hostiles . | . . . Follow-up Attacks . | . . . Damage Inflicted 1436 | 26 406 1004 Guns 482 | 26 406 50 Cannons . | . . . Explosions 812 | . . 812 Melee 142 | . . 142 Ramming . | . . . Kinetic 374 | 26 348 . Thermal 66 | . 16 50 Explosive 812 | . . 812 Electromagnetic 42 | . 42 . Impact 142 | . . 142 Slashing . | . . . Piercing . | . . . Highest Corruption . | . . . Average Corruption . | . . . Corruption Purged . | . . . Corruption Blocked . | . . . Overload Shots . | . . . Overflow Damage 64 | . . 64 Projectiles . | . . . Explosions 64 | . . 64 Melee . | . . . Knockbacks . | . . . Impact . | . . . Kinetic . | . . . Secondary . | . . . Self-Inflicted Damage 254 | . . 254 Shots 11 | . . 11 Rammed 1 | . 1 . Targets Rammed 1 | . 1 . Kicked . | . . . Crushed . | . . . Highest Temperature 125 | . 102 125 Average Temperature 49 | . 34 65 Received Heat Transfer 538 | . 201 337 Siege Activations . | . . . Robots Corrupted . | . . . Combat Hostiles . | . . . Parts Fried . | . . . Impact Corruptions . | . . . Robots Melted . | . . . Combat Hostiles . | . . . Parts Melted . | . . . Heat Transferred 148 | . 37 111 Parts Sabotaged . | . . . Parts Stolen . | . . . Parts Stripped . | . . . Power Chain Reactions . | . . . Alert | -11 -10 -9 ------- Run | Yrd Mat Mat Peak Influence 329 | 5 163 329 Initial 16 | . 3 16 Average 91 | . 28 195 Maximum Alert Level 1 | . . 1 Low Security (%) 82 | 100 100 55 Level 1 17 | . . 44 Level 2 . | . . . Level 3 . | . . . Level 4 . | . . . Level 5 . | . . . High Security . | . . . Max Security . | . . . Squads Dispatched 1 | . 1 . Investigation 1 | . 1 . Extermination . | . . . Reinforcement . | . . . Assault . | . . . Garrison . | . . . Intercept . | . . . Searches Triggered . | . . . Construction Impeded . | . . . Haulers Reinforced . | . . . Active Scanning Responses . | . . . Cargo Convoy Interrupts . | . . . Stealth | -11 -10 -9 --------- Run | Yrd Mat Mat Distress Signals 1 | . 1 . Communications Jammed . | . . . Distress Signals . | . . . Times Spotted 18 | . 8 10 Peak Tracking Total 4 | . 3 4 Tactical Retreats . | . . . Traps | -11 -10 -9 ------- Run | Yrd Mat Mat Traps Triggered 2 | . 2 . Indirectly . | . . . Trap Hack Attempts . | . . . Triggered . | . . . Disarmed . | . . . Reprogrammed . | . . . Reused . | . . . Traps Extracted . | . . . Installed . | . . . Triggered . | . . . Machines | -11 -10 -9 ---------- Run | Yrd Mat Mat Machines Disabled 5 | . 1 4 Max in Single Turn 2 | . 1 2 Machines Repaired . | . . . Machines Dismantled . | . . . Machines Sabotaged . | . . . Overloaded Fab Kills . | . . . Hacking | -11 -10 -9 --------- Run | Yrd Mat Mat Machines Accessed 4 | . 3 1 Terminals 4 | . 3 1 Fabricators . | . . . Repair Stations . | . . . Recycling Units . | . . . Scanalyzers . | . . . Garrison Access . | . . . Total Hacks 6 | . 4 2 Successful 3 | . 2 1 Failed 3 | . 2 1 Catastrophic 2 | . 1 1 Database Lockouts . | . . . Manual . | . . . Terminals 6 | . 4 2 Fabricators . | . . . Repair Stations . | . . . Recycling Units . | . . . Scanalyzers . | . . . Garrison Access . | . . . Terminal Hacks 3 | . 2 1 Prototype ID Bank 1 | . 1 . Alert Level 1 | . . 1 Hauler Manifests 1 | . 1 . Fabricator Hacks . | . . . Repair Station Hacks . | . . . Recycling Unit Hacks . | . . . Scanalyzer . | . . . Garrison Access Hacks . | . . . Unauthorized Hacks . | . . . Terminals . | . . . Fabricators . | . . . Repair Stations . | . . . Recycling Units . | . . . Scanalyzers . | . . . Garrison Access . | . . . Data Cores Recovered . | . . . Used . | . . . Hacking Detections 3 | . 2 1 Full Trace Events . | . . . Feedback Events . | . . . Feedback Blocked . | . . . Robot Schematics Acquired . | . . . Robots Built . | . . . Authchips . | . . . Time . | . . . Total Robot Build Rating . | . . . Part Schematics Acquired . | . . . Parts Built . | . . . Authchips . | . . . Time . | . . . Total Part Build Rating . | . . . Parts Repaired . | . . . Time . | . . . Parts Recycled . | . . . Recycled Matter . | . . . Retrieved Matter . | . . . Retrieved Components . | . . . Parts Scanalyzed . | . . . Part Schematics Acquired . | . . . Parts Damaged . | . . . Bothacking | -11 -10 -9 ------------ Run | Yrd Mat Mat Used RIF Installer . | . . . Robots Hacked . | . . . Non-combat . | . . . Combat . | . . . Robot Hacks Applied . | . . . Relay Couplers Released . | . . . Fabnet Peak Effective % . | . . . Robots Rewired . | . . . Allies Hacked . | . . . Hacks Repelled . | . . . Allies | -11 -10 -9 -------- Run | Yrd Mat Mat Total Allies . | . . . Largest Group . | . . . Highest-Rated Group . | . . . Highest-Rated Ally . | . . . Total Orders . | . . . Ally Attacks . | . . . Total Damage . | . . . Kills . | . . . Allies Corrupted . | . . . Allies Melted . | . . . Intel | -11 -10 -9 ------- Run | Yrd Mat Mat Robot Analysis Total . | . . . Derelict Logs Recovered . | . . . Drone Launches . | . . . Drone Recoveries . | . . . Exploration | -11 -10 -9 ------------- Run | Yrd Mat Mat Turns Passed 1087 | 73 589 425 Spaces Moved 500 | 49 302 149 Core 59 | 23 . 36 Treads 441 | 26 302 113 Legs . | . . . Wheels . | . . . Hover . | . . . Flight . | . . . Fastest Speed 50 | 50 160 160 Average Speed 178 | 114 160 235 Slowest Speed 500 | 160 160 500 Overloaded Moves . | . . . Propulsion Burnouts . | . . . Robots Hopped . | . . . Cave-ins Triggered . | . . . Exploration Rate (%) 19 | 4 33 21 Regions Visited 2 Branch Regions . Pre-discovered Areas . | . . . Known Exits Taken 1 | . 1 . Unknown Exits Taken 1 | 1 . . Scrap Searched . | . . . Spaces Dug . | . . . Terrain Destroyed 118 | . . 118 Melee . | . . . Projectile . | . . . AOE 118 | . . 118 Terrain Rammed . | . . . Walls Destroyed . | . . . Machines Disabled . | . . . Actions | -11 -10 -9 --------- Run | Yrd Mat Mat Total 616 | 62 360 194 Wait . | . . . Move 498 | 48 301 149 Hop . | . . . Pick Up 33 | 6 17 10 Fast Attach 1 | 1 . . Attach 11 | 5 1 5 Detach . | . . . Swap 8 | . 7 1 Drop 15 | . 9 6 Fire 44 | 2 24 18 Melee 5 | . . 5 Ram . | . . . Kick . | . . . Crush 1 | . 1 . Escape Stasis . | . . . Rewire . | . . . Trap . | . . . Miscellaneous . | . . . Route ------- -11/Scrapyard -10/Materials -9/Materials History --------- Turn | Location | Event 5 | -11/Scrapyard | Discovered new exit (range 15) 74 | -11/Scrapyard | Entered Materials 302 | -10/Materials | Build established: Mutant 535 | -10/Materials | Discovered new exit (range 15) 572 | -10/Materials | Identified exit to Materials 663 | -10/Materials | Entered another Materials area 663 | -9/Materials | Evolved 2 slots: Utility x2 786 | -9/Materials | Lost 3 parts (1p1u1w) 1063 | -9/Materials | Core integrity fell below 50% 1078 | -9/Materials | Core integrity fell below 20% 1088 | -9/Materials | Destroyed by G-34 Mercenary with Small Laser Last Messages --------------- 01002_ U-05 Engineer builds a Wall. 01003_ U-05 Engineer lays Concrete. 01006_ U-05 Engineer builds a Wall. 01006_ U-05 Engineer lays Concrete. 01008_ U-05 Engineer builds a Wall. 01009_ U-05 Engineer lays Concrete. 01010_ U-05 Engineer builds a Wall. 01038_ C-30 ARC bursts open, deploying its payload. 01038_ G-47 Trooper unfolds itself. 01038_ G-34 Mercenary unfolds itself. 01053_ Shield Generator destroyed. 01067_ Sensor Array destroyed. 01077_ Y-45 Defender destroyed. 01077_ Mni. Grenade Launcher destroyed. 01077_ Destroyed Mni. Grenade Launcher. 01081_ The unstable cave ceiling collapses. 01081_ U-05 Engineer lays Concrete. 01084_ U-05 Engineer builds a Wall. 01086_ U-05 Engineer lays Concrete. Map ----- +----------------------------------------------------+ | ?????????????????????????????????????? | | % ????????????????????????????????????? | | ?????????????????????????????????????? | | ?????????????????????????????????????? | | ?????????????????????????????????????? | | ??????????????????????????????????????? | | ### ????????????? ??????????????????????? | | ???# ?????????????# #?????????????????????? | | ???? # ?????????????# "#?????????????????????? | | ???? # ???????????????# "%#?????????????????????? | | ???? #???????????????# +?????????????????????? | | ???? #???????????????# #?????????????????????? | | ???? ????????????????# #?????????????????????? | | ???? ????????????????# ########??????????????? | | ???? #????????????????# ???????????????? | | ???? #????????????????+ ???????????????? | | ???? #????????????????# ^ ????????????????? | | ???? #????????????????# """"????????????????? | | #### #????????######### """"????????????????? | | #????????# # """""???????????????? | | #????????# [ # """""""?????????????? | | !! #????????# + ] """"""" ???????? | | ! #???######/! # ???????? | | !! ##### #/! # ???????? | | ^ #!! ###g######### ###????????? | | #=[[[ # @ #??????#??????????? | | ##+####### # %[% g "#?????????????????? | | # ### ##=[* "#?????????????????? | | # """ # # %##%! "#?????????????????? | | ## """ ## ##=! Y" # % T#?????????????????? | | ?# """ / % + "" "#?????????????????? | | ?# ### ## uuu "#?????????????????? | | ?# """ ######### "#?????????????????? | | ?# """ #####??##?## #?????????????????? | | ?# """ #??????????### # ######?????????????????? | | ?# #????????????##?#???????????????????????? | | ?# #???????????????????????????????????????? | | ?########????????????????????????????????????????? | | | | | | | | | | | | | | | | | | | | | | | | | +----------------------------------------------------+ Best States ------------- Heat Dissipation 28 Energy Generation 10 Energy Capacity 250 Matter Stores 300 Matter Capacity 300 Sight Range 16 Robot Scan Range 14 Terrain Scan Density 10 Evasion (%) 50 Recoil Reduction 2 Item Schematics ----------------- None Robot Schematics ------------------ None Fabricated ------------ Nothing Alien Tech Used ----------------- None Achievements -------------- None Challenges ------------ None Game ------ Seed QuantumCoreNeutralizer Manual? 0 Play Time 00:10:53 Cumulative 30.5 hours Start 2024.07.08 @ 09:48:48 End 2024.07.08 @ 09:59:06 Sessions 1 Manual Loads 0 Difficulty Rogue Special Mode None Game No. 96 Rogue 96 Adventurer 0 Explorer 0 Win Type - Total 0 Types 0/0/0/0/0/0/0/0/0 Lore% 18 Gallery% 33 Achievement% 23 Wizard Run 0 Options --------- Layout 1 ASCII 0 Keyboard 0 Movement Arrows Keybinds 0 Fullscreen 1 Font 16/SmallcapsGlow Map View 25x20 Zoom Use 100% Tactical HUD 1 Map Filters NONE Filters NONE Steam SD RUN: 3deeb7d8-4eae-4c27-9163-5229c4582c91